Cogmind - Beta 13 *** ADVENTURER MODE // 2024.04.18 @ 22:16:21 Player: Cash Money Result: Self-destructed Performance ------------- Evolutions (8) 4000 Regions Visited (15) 3000 Robots Destroyed (212) 1060 Value Destroyed (7079) 7079 Prototype IDs (14) 280 Alien Tech Used (0) 0 Bonus (1894) 1894 TOTAL SCORE: 17313 Bonus ------- High Alert Combat Kills 171 Follower Combat Kills 932 Entered DSFs 1000 Acquired ECA 300 Friendly Fire -509 Cogmind --------- Core Integrity 1333/1450 Matter 25/300 Energy 100/100 System Corruption 0% Temperature Cool (0) Movement Core (100) Ox1 Location -2/Research Parts ------- > --- POWER (3) -------- (None) > --- PROPULSION (6) --- (None) > --- UTILITY (10) ----- Advanced Coolant Injector Experimental Optical Array Advanced Signal Interpreter Experimental Signal Interpreter Experimental Signal Interpreter > --- WEAPON (4) ------- Beamcaster > --- INVENTORY (5) ---- Energy Well (350) Point Defense Array Beamcaster Heavy Gauss Cannon Peak State ------------ > --- POWER ------------ Neutrino Core Neutrino Core Neutrino Core > --- PROPULSION ------- Centrium Wheel Centrium Wheel Centrium Wheel Centrium Wheel > --- UTILITY ---------- Advanced Coolant Injector Advanced Coolant Injector Experimental Optical Array Advanced Signal Interpreter Experimental Signal Interpreter Experimental Signal Interpreter Improved Terrain Scan Processor Targeting Computer Improved Hacking Suite > --- WEAPON ----------- Quantum Rifle > --- INVENTORY -------- Q-thruster Energy Well Beamcaster Beamcaster Heavy Gauss Cannon [Rating: 109] Favorites ----------- Power Angular Momentum Engine Engine Angular Momentum Engine Power Core Light Nuclear Core Reactor Light Quantum Reactor Propulsion Flexi-carbon Leg Treads Medium Treads Leg Flexi-carbon Leg Wheel Centrium Wheel Hover Unit Aerolev Unit Flight Unit Impulse Thruster Utility Targeting Computer Device Improved Cooling System Storage Small Storage Unit Processor Targeting Computer Hackware Improved Hacking Suite Protection Layered Medium Armor Plating Weapon Coil Gun Energy Gun Improved Medium Laser Energy Cannon Compact Ion Cannon Ballistic Gun Coil Gun Ballistic Cannon Magnetic Acceleration Cannon Launcher Grenade Launcher Slashing Weapon Katana Piercing Weapon Spear Build | -11 -10 -9 -9 -8 -7 -7 -6 -6 -5 -4 -4 -4 -3 -3 -2 ------- Run | Yrd Mat Mat Min Mat Fac DSF Fac Ext Fac Fac Upp Upp Res DSF Res Slots Evolved 16 | . . 2 . 2 2 . 2 . 2 2 . . 2 . 2 Power 2 | . . . . . 1 . . . . . . . 1 . . Propulsion 4 | . . . . 1 . . . . . . . . 1 . 2 Utility 8 | . . . . 1 1 . 2 . 2 2 . . . . . Weapon 2 | . . 2 . . . . . . . . . . . . . Parts Attached 243 | 7 14 15 9 57 2 17 32 9 9 28 10 4 14 9 7 Power 29 | 1 2 2 1 6 . 1 6 2 1 1 . . 1 3 2 Engine 14 | 1 2 1 1 . . 1 5 2 . 1 . . . . . Core 13 | . . 1 . 6 . . 1 . 1 . . . 1 3 . Reactor 2 | . . . . . . . . . . . . . . . 2 Propulsion 67 | 2 3 3 4 16 1 8 6 2 3 6 5 . 3 5 . Treads 18 | 2 3 3 . . . 7 3 . . . . . . . . Leg 24 | . . . 4 10 1 1 3 2 3 . . . . . . Wheel 4 | . . . . . . . . . . . . . . 4 . Hover 4 | . . . . 3 . . . . . . . . 1 . . Flight 17 | . . . . 3 . . . . . 6 5 . 2 1 . Utility 85 | 2 6 2 2 19 1 2 14 3 4 14 2 2 7 1 4 Device 47 | 1 1 . 1 10 . 1 7 . 4 9 2 2 6 . 3 Storage 7 | 1 1 1 . 2 . . . . . 1 . . . . 1 Processor 17 | . 1 . . 6 . . 4 1 . 4 . . 1 . . Hackware 1 | . . . . . . . . . . . . . . 1 . Protection 13 | . 3 1 1 1 1 1 3 2 . . . . . . . Artifact . | . . . . . . . . . . . . . . . . Weapon 62 | 2 3 8 2 16 . 6 6 2 1 7 3 2 3 . 1 Energy Gun 16 | . . 5 . 4 . 2 . . . . . 2 2 . 1 Energy Cannon 2 | . . . . 1 . . 1 . . . . . . . . Ballistic Gun 19 | 2 1 . . 9 . 4 3 . . . . . . . . Ballistic Cannon 6 | . . . . . . . 2 2 1 . . . 1 . . Launcher 5 | . 2 3 . . . . . . . . . . . . . Special Weapon . | . . . . . . . . . . . . . . . . Impact Weapon . | . . . . . . . . . . . . . . . . Slashing Weapon 4 | . . . 2 2 . . . . . . . . . . . Piercing Weapon 10 | . . . . . . . . . . 7 3 . . . . Special Melee Weapon . | . . . . . . . . . . . . . . . . Unidentified Prototypes 11 | . . 2 . 5 . . 2 . . 2 . . . . . Parts Lost 48 | . . 1 . 2 . 1 7 1 13 . 15 3 . 1 4 Power 6 | . . . . . . . 1 . 2 . 1 . . . 2 Propulsion 15 | . . . . 1 . . 1 . 5 . 6 2 . . . Utility 18 | . . . . . . . 2 1 5 . 6 1 . 1 2 Weapon 9 | . . 1 . 1 . 1 3 . 1 . 2 . . . . Highest Loss Streak 9 | . . 1 . 2 . 1 2 1 7 . 9 2 . 1 4 To Critical Strikes 1 | . . . . . . . . . . . 1 . . . . Average Slot Usage (%) 90 | . 99 96 91 97 88 93 98 99 86 68 57 42 39 56 37 Engine 8 | . 13 8 . 1 . 2 11 13 8 4 1 . . . . Core 1 | . . 1 10 7 7 7 1 . . . . . . 5 . Treads 10 | . 28 22 4 . . 12 14 . . . . . . . . Leg 8 | . . . 17 21 22 9 5 20 15 . . . . . . Flight 1 | . . . . 4 . . . . . 13 9 5 3 1 . Device 9 | . 2 . 3 12 7 7 14 8 12 10 12 3 7 7 10 Processor 16 | . 10 11 7 11 15 15 21 17 16 19 26 26 24 26 17 Protection 6 | . 11 10 11 1 4 7 3 12 9 . . . . . . Energy Gun 2 | . . 16 22 3 7 3 . . . . . 5 1 2 2 Ballistic Gun 11 | . 15 . . 20 23 25 19 1 . . . . . . . Ballistic Cannon 5 | . . . . . . . 4 21 21 . . . . . . Launcher 3 | . 12 26 . . . . . . . . . . . . . Slashing Weapon 1 | . . . 14 9 . . . . . . . . . . . Naked Turns . | . . . . . . . . . . . . . . . . Heaviest Build 68 | 11 15 23 19 27 22 40 62 65 68 21 21 19 12 50 45 Greatest Support 86 | 40 40 40 40 40 38 84 86 65 65 21 23 15 8 64 3 Greatest Overweight (x) 19 | . . . 1 5 . 1 19 1 11 2 1 1 3 . 14 Average Overweight (x) . | . . . . . . . . . . . . . . . 3 Largest Inventory Capacity 15 | 8 8 5 5 5 5 5 5 5 5 5 5 5 5 5 15 Average Capacity 5 | 7 5 5 5 5 5 5 5 5 5 5 5 5 5 5 5 Most Carried 5 | . 5 5 5 5 5 5 5 5 5 5 5 3 5 5 5 Average Carried 4 | . 4 4 3 4 5 4 4 4 4 3 3 1 4 4 4 Final Capacity 8 | 8 5 5 5 5 5 5 5 5 5 5 5 5 5 5 5 Final Carried 5 | . 5 4 3 5 5 5 5 5 4 5 1 3 5 4 4 Class Distribution -------------------- 32% | Gunner 27% | Mutant 14% | Scavenger-Gunner 5% | Bomber 4% | Commander-Gunner 3% | Scavenger-Mutant Dominant Class ---------------- Mutant | -10/Materials Bomber | -9/Materials Scavenger-Mutant | -9/Mines Scavenger-Gunner | -8/Materials Scavenger-Gunner | -7/Factory Gunner | -7/DSF Gunner | -6/Factory Commander-Gunner | -6/Extension Scavenger-Gunner | -5/Factory Mutant | -4/Factory Mutant | -4/Upper Caves Derelict-Mutant | -4/Upper Caves Mutant | -3/Research Mutant | -3/DSF Mutant | -2/Research Resources | -11 -10 -9 -9 -8 -7 -7 -6 -6 -5 -4 -4 -4 -3 -3 -2 ----------- Run | Yrd Mat Mat Min Mat Fac DSF Fac Ext Fac Fac Upp Upp Res DSF Res Matter Collected 6747 | 278 376 325 233 1561 . 432 1684 1164 349 . 285 60 . . . Remotely 340 | 88 252 . . . . . . . . . . . . . . Salvage Created 8138 | 93 464 566 233 1570 . 688 2465 1577 482 . . . . . . Parts 397 | 2 33 50 17 80 . 28 123 43 21 . . . . . . Haulers Intercepted 18 | . 2 3 . 3 . 1 3 5 1 . . . . . . Recyclers Shooed 6 | . 2 3 . . . . 1 . . . . . . . . Parts Field Recycled . | . . . . . . . . . . . . . . . . Retrieved Matter . | . . . . . . . . . . . . . . . . Parts Self-Destructed 13 | . . . . . . . . . . . 8 5 . . . Prevented 2 | . . . . . . . . . . . 2 . . . . Kills | -11 -10 -9 -9 -8 -7 -7 -6 -6 -5 -4 -4 -4 -3 -3 -2 ------- Run | Yrd Mat Mat Min Mat Fac DSF Fac Ext Fac Fac Upp Upp Res DSF Res Combat Hostiles Destroyed 143 | . 10 18 6 25 . 9 43 17 15 . . . . . . Melee 10 | . . . 1 9 . . . . . . . . . . . Guns 84 | . 10 9 5 16 . 9 34 1 . . . . . . . Cannons 34 | . . . . . . . 8 16 10 . . . . . . AOE 15 | . . 9 . . . . 1 . 5 . . . . . . Classes Destroyed 17 | 1 5 3 1 2 . 4 . 1 . . . . . . . Worker 14 | . . 3 . 5 . . 4 1 1 . . . . . . Builder 6 | . . 2 . 1 . . 2 1 . . . . . . . Tunneler 1 | . 1 . . . . . . . . . . . . . . Hauler 18 | . 2 3 . 3 . 1 3 5 1 . . . . . . Recycler 5 | 1 . . . . . . . 3 1 . . . . . . Mechanic 1 | . . . . 1 . . . . . . . . . . . Operator 4 | . . . . 3 . . 1 . . . . . . . . Watcher 19 | . 3 3 . 3 . . 7 2 1 . . . . . . Swarmer 35 | . 6 7 . 4 . . 11 . 7 . . . . . . Grunt 66 | . 4 7 4 15 . 3 18 8 7 . . . . . . Brawler 1 | . . . . . . . . 1 . . . . . . . Duelist 6 | . . . 2 2 . . 1 1 . . . . . . . Sentry 18 | . . 4 . 4 . . 5 5 . . . . . . . Specialist 3 | . . . . . . 3 . . . . . . . . . Hunter 6 | . . . . . . 1 2 2 1 . . . . . . Programmer 7 | . . . . . . 1 6 . . . . . . . . Heavy 1 | . . . . . . 1 . . . . . . . . . Butcher 1 | . . . . . . . . 1 . . . . . . . Best Kill Streak 8 | 1 4 7 3 5 . 4 8 5 6 . . . . . . Combat Bots Only 8 | . 3 5 3 5 . 4 8 5 5 . . . . . . Max Kills in Single Turn 4 | 1 1 3 1 2 . 1 3 2 4 . . . . . . Gunslinging 2 | . . . . . . . 2 . . . . . . . . Exploded 3 | . . 3 . . . . 1 . 3 . . . . . . Melee 1 | . . . 1 1 . . . . . . . . . . . Uniques/NPCs Destroyed . | . . . . . . . . . . . . . . . . Combat | -11 -10 -9 -9 -8 -7 -7 -6 -6 -5 -4 -4 -4 -3 -3 -2 -------- Run | Yrd Mat Mat Min Mat Fac DSF Fac Ext Fac Fac Upp Upp Res DSF Res Hostile Shots Fired 1238 | . 70 67 24 122 . 37 294 27 181 18 269 52 . 35 42 Missed 467 | . 22 22 5 33 . 10 109 7 63 10 131 32 . 15 8 Damage Taken 10408 | . 346 484 184 1150 . 1001 1858 257 2193 98 1607 233 . 540 457 Core 2704 | . 53 66 40 167 . 489 155 16 199 . 941 168 . 293 117 Absorbed by Shields 655 | . . . . . . . 477 87 . 38 53 . . . . Ignored by Resistances 3034 | . 112 150 53 329 . 158 671 95 602 38 491 65 . 146 124 Regen/Repaired (Parts) 272 | . 158 . . 114 . . . . . . . . . . . Core Remaining (%) 65 | 100 78 . 73 69 . 30 . 79 80 . . 3 . 77 . Volleys Fired 373 | 4 55 31 14 53 . 26 108 51 25 . . . 5 . 1 Largest 4 | 2 2 4 2 4 . 4 4 4 4 . . . 1 . 1 Hottest 224 | 40 40 224 112 140 . 214 213 213 203 . . . 94 . 75 Shots Fired 1160 | 8 111 90 28 139 . 94 382 204 98 . . . 5 . 1 Gun 757 | 8 111 48 28 138 . 94 306 18 . . . . 5 . 1 Cannon 361 | . . . . 1 . . 76 186 98 . . . . . . Launcher 42 | . . 42 . . . . . . . . . . . . . Special . | . . . . . . . . . . . . . . . . Kinetic 964 | 8 111 . . 114 . 72 375 186 98 . . . . . . Thermal 148 | . . 48 28 19 . 22 7 18 . . . . 5 . 1 Explosive 42 | . . 42 . . . . . . . . . . . . . Electromagnetic 6 | . . . . 6 . . . . . . . . . . . Robot Hit Streak 38 | 3 15 17 9 18 . 34 38 22 9 . . . 7 . . Robot Miss Streak 7 | 1 4 4 2 7 . 1 3 6 3 . . . 1 . 1 Penetration Max 1 | . . . . . . 1 1 . 1 . . . . . . Secondary Targets 19 | . 2 2 1 3 . 1 10 . . . . . . . . Max Gunslinging Chain 2 | . 1 1 1 1 . 1 2 . . . . . . . . Shots Hit Robots 834 | 5 83 35 22 127 . 76 298 129 53 2 . . 4 . . Core Hits 361 | 2 33 43 8 56 . 22 110 57 27 1 . . 2 . . Critical Kills 6 | . . . . . . . 6 . . . . . . . . Critical Parts Destroyed 9 | . . . . . . 2 6 1 . . . . . . . Critical Strikes 45 | . . 1 2 3 . 3 17 11 8 . . . . . . Burn 4 | . . 1 2 . . 1 . . . . . . . . . Destroy 15 | . . . . . . 2 12 1 . . . . . . . Blast 23 | . . . . . . . 5 10 8 . . . . . . Sever 3 | . . . . 3 . . . . . . . . . . . Melee Attacks 53 | . . . 2 42 . . . . . 4 5 . . . . Impact . | . . . . . . . . . . . . . . . . Slashing 44 | . . . 2 42 . . . . . . . . . . . Piercing 9 | . . . . . . . . . . 4 5 . . . . Sneak Attacks 8 | . . . . 8 . . . . . . . . . . . Combat Hostiles . | . . . . . . . . . . . . . . . . Follow-up Attacks 2 | . . . . 1 . . . . . 1 . . . . . Damage Inflicted 22244 | 44 710 1514 389 3127 . 1531 7836 4499 2427 58 . . 109 . . Guns 10884 | 44 707 418 341 1436 . 1531 5976 322 . . . . 109 . . Cannons 7405 | . . . . 31 . . 1571 4138 1665 . . . . . . Explosions 2320 | . . 1090 . 241 . . 227 . 762 . . . . . . Melee 1525 | . . . 48 1419 . . . . . 58 . . . . . Ramming 110 | . 3 6 . . . . 62 39 . . . . . . . Kinetic 16400 | 44 707 . . 1241 . 1207 7379 4157 1665 . . . . . . Thermal 2283 | . . 418 341 393 . 324 395 303 . . . . 109 . . Explosive 1852 | . . 1090 . . . . . . 762 . . . . . . Electromagnetic 74 | . . . . 74 . . . . . . . . . . . Impact . | . . . . . . . . . . . . . . . . Slashing 1467 | . . . 48 1419 . . . . . . . . . . . Piercing 58 | . . . . . . . . . . 58 . . . . . Highest Corruption 4 | . 2 . . 4 . . 2 . . 1 1 1 . . . Average Corruption 2 | . 1 . . 4 . . 1 . . 1 1 1 . . . Corruption Purged 3 | . . . . . . . 2 . . . . 1 . . . Corruption Blocked . | . . . . . . . . . . . . . . . . Effects 44 | . 16 . . 16 . . 10 . . . 2 . . . . Message Errors 8 | . 4 . . 3 . . 1 . . . . . . . . Matter Fused 12 | . 3 . . 6 . . 3 . . . . . . . . Heat Flow Errors 5 | . 3 . . 1 . . 1 . . . . . . . . Energy Discharges 4 | . 1 . . 1 . . 1 . . . 1 . . . . Parts Rejected 1 | . . . . 1 . . . . . . . . . . . Data Loss (minor) 7 | . 3 . . 2 . . 1 . . . 1 . . . . Data Loss (major) 4 | . 1 . . . . . 3 . . . . . . . . Misfires 2 | . 1 . . 1 . . . . . . . . . . . Alerts 1 | . . . . 1 . . . . . . . . . . . Overload Shots . | . . . . . . . . . . . . . . . . Overflow Damage 762 | . . 30 . 75 . . 308 83 266 . . . . . . Projectiles 306 | . . . . . . . 145 83 78 . . . . . . Explosions 407 | . . 30 . 36 . . 153 . 188 . . . . . . Melee 49 | . . . . 39 . . 10 . . . . . . . . Knockbacks 36 | . . . . . . . 9 13 14 . . . . . . Impact 1 | . . . . . . . 1 . . . . . . . . Kinetic 34 | . . . . . . . 7 13 14 . . . . . . Secondary 1 | . . . . . . . 1 . . . . . . . . Self-Inflicted Damage 684 | . . 17 . . . . 191 . 476 . . . . . . Shots 13 | . . 2 . . . . 4 . 7 . . . . . . Rammed 5 | . 1 2 . . . . 2 . . . . . . . . Targets Rammed 15 | . 1 4 . . . . 4 6 . . . . . . . Kicked 8 | . . . . . . . 2 6 . . . . . . . Crushed 2 | . . 2 . . . . . . . . . . . . . Highest Temperature 1007 | . 136 604 422 144 . 1007 348 293 491 . . . 17 . 26 Average Temperature 122 | . 23 165 218 17 . 312 64 64 169 . . . 8 . 13 Received Heat Transfer 2486 | . 99 180 102 693 . 81 566 105 594 6 51 9 . . . Effects 35 | . . 9 . . . 20 1 1 4 . . . . . . Shutdowns 5 | . . . . . . 2 1 . 2 . . . . . . Energy Bleed 3 | . . . . . . 1 . 1 1 . . . . . . Interference 7 | . . . . . . 7 . . . . . . . . . Matter Decay 2 | . . 1 . . . . . . 1 . . . . . . Short Circuit 3 | . . 2 . . . 1 . . . . . . . . . Damage (minor) 2 | . . . . . . 2 . . . . . . . . . Damage (major) 9 | . . 6 . . . 3 . . . . . . . . . Damage (core) 4 | . . . . . . 4 . . . . . . . . . Siege Activations . | . . . . . . . . . . . . . . . . Robots Corrupted . | . . . . . . . . . . . . . . . . Combat Hostiles . | . . . . . . . . . . . . . . . . Parts Fried 2 | . . . . . . . . 2 . . . . . . . Impact Corruptions 1 | . . . . . . . 1 . . . . . . . . Robots Melted . | . . . . . . . . . . . . . . . . Combat Hostiles . | . . . . . . . . . . . . . . . . Parts Melted 5 | . . 1 . . . 2 1 1 . . . . . . . Heat Transferred 3987 | . . 962 888 483 . 777 322 407 . . . . 148 . . Parts Sabotaged . | . . . . . . . . . . . . . . . . Parts Stolen . | . . . . . . . . . . . . . . . . Parts Stripped . | . . . . . . . . . . . . . . . . Power Chain Reactions . | . . . . . . . . . . . . . . . . Alert | -11 -10 -9 -9 -8 -7 -7 -6 -6 -5 -4 -4 -4 -3 -3 -2 ------- Run | Yrd Mat Mat Min Mat Fac DSF Fac Ext Fac Fac Upp Upp Res DSF Res Peak Influence 696 | 5 211 592 268 421 151 313 351 588 696 403 . . 353 239 119 Initial 283 | . 2 . 128 88 151 93 142 . 163 283 . . 263 234 116 Average 198 | 1 43 242 233 249 151 225 145 343 314 324 . . 293 234 118 Maximum Alert Level 2 | . 1 2 1 2 . 1 1 2 2 2 . . 1 1 . Low Security (%) 54 | 100 97 48 40 41 100 54 62 23 28 . . . . . 100 Level 1 39 | . 2 39 59 57 . 45 37 43 54 94 . . 100 100 . Level 2 6 | . . 11 . 1 . . . 33 17 5 . . . . . Level 3 . | . . . . . . . . . . . . . . . . Level 4 . | . . . . . . . . . . . . . . . . Level 5 . | . . . . . . . . . . . . . . . . High Security . | . . . . . . . . . . . . . . . . Max Security . | . . . . . . . . . . . . . . . . Sterilizations 1 | . . . . . . 1 . . . . . . . . . Squads Dispatched 32 | . 2 3 . 2 . 2 14 5 1 2 . . . 1 . Investigation 15 | . 2 1 . 2 . . 5 4 . 1 . . . . . Extermination 7 | . . . . . . . 6 . . 1 . . . . . Reinforcement 10 | . . 2 . . . 2 3 1 1 . . . . 1 . Assault . | . . . . . . . . . . . . . . . . Garrison . | . . . . . . . . . . . . . . . . Intercept . | . . . . . . . . . . . . . . . . Searches Triggered . | . . . . . . . . . . . . . . . . Construction Impeded 1 | . . . . . . . . 1 . . . . . . . Haulers Reinforced 3 | . . . . . . . 2 . 1 . . . . . . Active Scanning Responses . | . . . . . . . . . . . . . . . . Cargo Convoy Interrupts . | . . . . . . . . . . . . . . . . Stealth | -11 -10 -9 -9 -8 -7 -7 -6 -6 -5 -4 -4 -4 -3 -3 -2 --------- Run | Yrd Mat Mat Min Mat Fac DSF Fac Ext Fac Fac Upp Upp Res DSF Res Distress Signals 7 | . 2 2 . 2 . . . 1 . . . . . . . Communications Jammed 1 | . . . . . . . . . 1 . . . . . . Distress Signals 1 | . . . . . . . . . 1 . . . . . . Times Spotted 281 | . 16 30 6 38 . 8 53 39 25 4 39 13 2 6 2 Peak Tracking Total 13 | . 4 5 3 6 . 3 8 6 10 3 13 7 1 5 2 Tactical Retreats 24 | . . 2 . 2 . . . . 4 1 10 4 . 1 . Traps | -11 -10 -9 -9 -8 -7 -7 -6 -6 -5 -4 -4 -4 -3 -3 -2 ------- Run | Yrd Mat Mat Min Mat Fac DSF Fac Ext Fac Fac Upp Upp Res DSF Res Traps Triggered 12 | . 3 2 . . . . 5 1 . . . . 1 . . Indirectly . | . . . . . . . . . . . . . . . . Trap Hack Attempts . | . . . . . . . . . . . . . . . . Triggered . | . . . . . . . . . . . . . . . . Disarmed . | . . . . . . . . . . . . . . . . Reprogrammed 4 | . . . . . . . . 4 . . . . . . . Reused . | . . . . . . . . . . . . . . . . Traps Extracted . | . . . . . . . . . . . . . . . . Installed . | . . . . . . . . . . . . . . . . Triggered 1 | . . . . . . . . . . . 1 . . . . Machines | -11 -10 -9 -9 -8 -7 -7 -6 -6 -5 -4 -4 -4 -3 -3 -2 ---------- Run | Yrd Mat Mat Min Mat Fac DSF Fac Ext Fac Fac Upp Upp Res DSF Res Machines Disabled 32 | . . 6 . 4 . 1 9 2 10 . . . . . . Max in Single Turn 6 | . . 2 . 3 . 1 6 1 4 . . . . . . Garrison Access 1 | . . . . . . . . . 1 . . . . . . Machines Repaired . | . . . . . . . . . . . . . . . . Machines Dismantled . | . . . . . . . . . . . . . . . . Machines Sabotaged . | . . . . . . . . . . . . . . . . Overloaded Fab Kills . | . . . . . . . . . . . . . . . . Hacking | -11 -10 -9 -9 -8 -7 -7 -6 -6 -5 -4 -4 -4 -3 -3 -2 --------- Run | Yrd Mat Mat Min Mat Fac DSF Fac Ext Fac Fac Upp Upp Res DSF Res Machines Accessed 53 | . 10 3 . 6 1 . 13 9 2 4 2 . 2 . 1 Terminals 37 | . 7 1 . 4 1 . 7 9 1 3 1 . 2 . 1 Fabricators 3 | . . . . . . . 3 . . . . . . . . Repair Stations 3 | . 1 . . 1 . . . . . 1 . . . . . Recycling Units 4 | . 2 1 . . . . 1 . . . . . . . . Scanalyzers 3 | . . 1 . 1 . . 1 . . . . . . . . Garrison Access 2 | . . . . . . . 1 . 1 . . . . . . Total Hacks 137 | . 26 11 . 23 1 . 30 24 4 9 2 . 4 . 3 Successful 81 | . 16 8 . 15 1 . 16 13 2 3 2 . 2 . 3 Failed 56 | . 10 3 . 8 . . 14 11 2 6 . . 2 . . Catastrophic 6 | . 1 . . . . . 3 . 2 . . . . . . Database Lockouts . | . . . . . . . . . . . . . . . . Manual . | . . . . . . . . . . . . . . . . Terminals 88 | . 15 1 . 14 1 . 16 24 2 7 1 . 4 . 3 Fabricators 8 | . . . . . . . 8 . . . . . . . . Repair Stations 12 | . 4 . . 6 . . . . . 2 . . . . . Recycling Units 11 | . 7 3 . . . . 1 . . . . . . . . Scanalyzers 12 | . . 7 . 3 . . 2 . . . . . . . . Garrison Access 5 | . . . . . . . 3 . 2 . . . . . . Terminal Hacks 54 | . 9 1 . 9 1 . 10 13 1 3 2 . 2 . 3 Record 6 | . . 1 . 1 . . 1 1 . 1 1 . . . . Part Schematic 1 | . . . . . . . . . 1 . . . . . . Robot Analysis 1 | . 1 . . . . . . . . . . . . . . Prototype ID Bank 1 | . . . . . . . . 1 . . . . . . . Open Door 7 | . . . . . . . 1 5 . . 1 . . . . Open DSF 5 | . . . . . 1 . 2 . . 1 . . 1 . . Level Access Points 1 | . . . . 1 . . . . . . . . . . . Emergency Access Points 5 | . 2 . . 1 . . 1 . . . . . . . 1 Alert Level 7 | . . . . . . . 2 2 . 1 . . 1 . 1 Unreport Threat 1 | . 1 . . . . . . . . . . . . . . Locate Traps 4 | . 2 . . 1 . . . 1 . . . . . . . Reprogram Traps 3 | . . . . . . . . 3 . . . . . . . Dispatch Records 2 | . . . . 1 . . . . . . . . . . 1 Maintenance Status 1 | . 1 . . . . . . . . . . . . . . Investigation Status 1 | . . . . . . . 1 . . . . . . . . Extermination Status 1 | . . . . . . . 1 . . . . . . . . Reinforcement Status 1 | . . . . . . . 1 . . . . . . . . Hauler Manifests 2 | . 1 . . 1 . . . . . . . . . . . Zone Layout 4 | . 1 . . 3 . . . . . . . . . . . Fabricator Hacks 3 | . . . . . . . 3 . . . . . . . . Network Status 2 | . . . . . . . 2 . . . . . . . . Load Schematic 1 | . . . . . . . 1 . . . . . . . . Repair Station Hacks 10 | . 4 . . 6 . . . . . . . . . . . Scan Component 5 | . 2 . . 3 . . . . . . . . . . . Repair 5 | . 2 . . 3 . . . . . . . . . . . Recycling Unit Hacks 5 | . 3 1 . . . . 1 . . . . . . . . Report Inventory 3 | . 2 . . . . . 1 . . . . . . . . Retrieve Matter 1 | . . 1 . . . . . . . . . . . . . Retrieve Components 1 | . 1 . . . . . . . . . . . . . . Scanalyzer 8 | . . 6 . . . . 2 . . . . . . . . Insert Component 4 | . . 3 . . . . 1 . . . . . . . . Analyze 4 | . . 3 . . . . 1 . . . . . . . . Garrison Access Hacks 1 | . . . . . . . . . 1 . . . . . . Seal Access 1 | . . . . . . . . . 1 . . . . . . Unauthorized Hacks . | . . . . . . . . . . . . . . . . Terminals . | . . . . . . . . . . . . . . . . Fabricators . | . . . . . . . . . . . . . . . . Repair Stations . | . . . . . . . . . . . . . . . . Recycling Units . | . . . . . . . . . . . . . . . . Scanalyzers . | . . . . . . . . . . . . . . . . Garrison Access . | . . . . . . . . . . . . . . . . Data Cores Recovered 2 | . . . . 2 . . . . . . . . . . . Used 1 | . . . . 1 . . . . . . . . . . . Hacking Detections 40 | . 9 3 . 4 1 . 9 5 2 4 . . 2 . 1 Full Trace Events 17 | . 4 1 . 2 . . 5 4 . 1 . . . . . Feedback Events 2 | . 1 . . . . . 1 . . . . . . . . Corruption 2 | . 1 . . . . . 1 . . . . . . . . Feedback Blocked . | . . . . . . . . . . . . . . . . Robot Schematics Acquired . | . . . . . . . . . . . . . . . . Robots Built . | . . . . . . . . . . . . . . . . Authchips . | . . . . . . . . . . . . . . . . Time . | . . . . . . . . . . . . . . . . Total Robot Build Rating . | . . . . . . . . . . . . . . . . Part Schematics Acquired 5 | . . 3 . . . . 1 . 1 . . . . . . Parts Built . | . . . . . . . . . . . . . . . . Authchips . | . . . . . . . . . . . . . . . . Time . | . . . . . . . . . . . . . . . . Total Part Build Rating . | . . . . . . . . . . . . . . . . Parts Repaired 5 | . 2 . . 3 . . . . . . . . . . . Time 148 | . 52 . . 96 . . . . . . . . . . . Parts Recycled . | . . . . . . . . . . . . . . . . Recycled Matter . | . . . . . . . . . . . . . . . . Retrieved Matter . | . . . . . . . . . . . . . . . . Retrieved Components 9 | . 9 . . . . . . . . . . . . . . Parts Scanalyzed 4 | . . 3 . . . . 1 . . . . . . . . Part Schematics Acquired 4 | . . 3 . . . . 1 . . . . . . . . Parts Damaged . | . . . . . . . . . . . . . . . . Bothacking | -11 -10 -9 -9 -8 -7 -7 -6 -6 -5 -4 -4 -4 -3 -3 -2 ------------ Run | Yrd Mat Mat Min Mat Fac DSF Fac Ext Fac Fac Upp Upp Res DSF Res Used RIF Installer . | . . . . . . . . . . . . . . . . Robots Hacked . | . . . . . . . . . . . . . . . . Non-combat . | . . . . . . . . . . . . . . . . Combat . | . . . . . . . . . . . . . . . . Robot Hacks Applied . | . . . . . . . . . . . . . . . . Relay Couplers Released . | . . . . . . . . . . . . . . . . Fabnet Peak Effective % . | . . . . . . . . . . . . . . . . Robots Rewired 24 | . . . . . . . . 24 . . . . . . . Allies Hacked . | . . . . . . . . . . . . . . . . Hacks Repelled . | . . . . . . . . . . . . . . . . Allies | -11 -10 -9 -9 -8 -7 -7 -6 -6 -5 -4 -4 -4 -3 -3 -2 -------- Run | Yrd Mat Mat Min Mat Fac DSF Fac Ext Fac Fac Upp Upp Res DSF Res Total Allies 28 | . . . . . . . . 28 . . . . . . . Largest Group 12 | . . . . . . . . 12 5 . . . . . . Highest-Rated Group 466 | . . . . . . . . 466 291 . . . . . . Highest-Rated Ally 159 | . . . . . . . . 159 159 . . . . . . Total Orders 2 | . . . . . . . . 1 1 . . . . . . STAY 1 | . . . . . . . . . 1 . . . . . . GUARD 1 | . . . . . . . . 1 . . . . . . . Ally Attacks 169 | . . . . . . . . 169 . . . . . . . Total Damage 4456 | . . . . . . . . 4456 . . . . . . . Kills 27 | . . . . . . . . 27 . . . . . . . Allies Corrupted 1 | . . . . . . . . 1 . . . . . . . Allies Melted . | . . . . . . . . . . . . . . . . Intel | -11 -10 -9 -9 -8 -7 -7 -6 -6 -5 -4 -4 -4 -3 -3 -2 ------- Run | Yrd Mat Mat Min Mat Fac DSF Fac Ext Fac Fac Upp Upp Res DSF Res Robot Analysis Total 1 | . 1 . . . . . . . . . . . . . . Derelict Logs Recovered 2 | . . . . . . . . . . . . 2 . . . Drone Launches . | . . . . . . . . . . . . . . . . Drone Recoveries . | . . . . . . . . . . . . . . . . Exploration | -11 -10 -9 -9 -8 -7 -7 -6 -6 -5 -4 -4 -4 -3 -3 -2 ------------- Run | Yrd Mat Mat Min Mat Fac DSF Fac Ext Fac Fac Upp Upp Res DSF Res Turns Passed 12842 | 83 1789 941 253 1492 125 381 3700 1517 764 398 336 328 247 94 394 Spaces Moved 9375 | 41 972 499 137 1107 102 187 2085 981 551 728 764 630 297 115 179 Core 735 | 2 . . . 1 . . 2 . 70 53 67 264 39 58 179 Treads 3104 | 39 972 499 4 . . 102 1488 . . . . . . . . Legs 3071 | . . . 133 694 102 85 595 981 481 . . . . . . Wheels 52 | . . . . . . . . . . . . . . 52 . Hover 30 | . . . . 30 . . . . . . . . . . . Flight 2383 | . . . . 382 . . . . . 675 697 366 258 5 . Fastest Speed 29 | 50 160 160 120 29 120 120 120 120 50 34 34 45 40 40 50 Average Speed 112 | 154 160 160 123 90 120 137 154 121 119 36 40 48 56 67 212 Slowest Speed 1000 | 160 160 160 190 300 120 225 1000 190 600 150 120 132 200 90 750 Overloaded Moves . | . . . . . . . . . . . . . . . . Propulsion Burnouts . | . . . . . . . . . . . . . . . . Robots Hopped . | . . . . . . . . . . . . . . . . Cave-ins Triggered . | . . . . . . . . . . . . . . . . Exploration Rate (%) 45 | 4 98 43 17 56 3 91 54 96 16 12 80 68 8 82 6 Regions Visited 15 Branch Regions 4 Pre-discovered Areas 2 | . . . . . . . . . . . 1 1 . . . Known Exits Taken 12 | . 1 1 1 1 1 . 1 1 1 1 1 1 1 . . Unknown Exits Taken 1 | 1 . . . . . . . . . . . . . . . Scrap Searched 3 | . . . . . . . . . . . 2 1 . . . Spaces Dug 31 | . . 30 . . . . . . . . 1 . . . . Terrain Destroyed 465 | . . 208 . 13 . . 72 34 137 . 1 . . . . Melee 1 | . . . . . . . . . . . 1 . . . . Projectile 84 | . . . . . . . 18 34 32 . . . . . . AOE 380 | . . 208 . 13 . . 54 . 105 . . . . . . Terrain Rammed . | . . . . . . . . . . . . . . . . Walls Destroyed . | . . . . . . . . . . . . . . . . Machines Disabled . | . . . . . . . . . . . . . . . . Actions | -11 -10 -9 -9 -8 -7 -7 -6 -6 -5 -4 -4 -4 -3 -3 -2 --------- Run | Yrd Mat Mat Min Mat Fac DSF Fac Ext Fac Fac Upp Upp Res DSF Res Total 10784 | 51 1118 576 190 1436 104 252 2299 1182 596 857 786 652 367 129 189 Wait 396 | . 55 15 19 119 . . 42 1 3 79 5 15 43 . . Move 9360 | 40 971 498 136 1106 101 186 2084 980 550 727 763 629 296 114 179 Hop . | . . . . . . . . . . . . . . . . Pick Up 47 | . 9 3 3 12 . 3 7 4 . 3 1 . 1 . 1 Fast Attach 181 | 7 10 7 6 46 2 14 26 6 6 19 4 3 11 8 6 Attach 38 | . 2 4 3 1 . 2 4 . 2 9 6 1 2 1 1 Detach 28 | . 2 1 . 3 . . 1 1 1 10 1 3 4 1 . Swap 24 | . 2 4 . 10 . 1 2 3 1 . . . 1 . . Drop 146 | . 11 9 7 45 1 15 21 9 8 7 2 1 4 5 1 Fire 373 | 4 55 31 14 53 . 26 108 51 25 . . . 5 . 1 Melee 50 | . . . 2 41 . . . . . 3 4 . . . . Ram . | . . . . . . . . . . . . . . . . Kick 8 | . . . . . . . 2 6 . . . . . . . Crush 7 | . 1 4 . . . . 2 . . . . . . . . Escape Stasis 5 | . . . . . . . . 5 . . . . . . . Rewire 121 | . . . . . . 5 . 116 . . . . . . . Trap . | . . . . . . . . . . . . . . . . Miscellaneous . | . . . . . . . . . . . . . . . . Route ------- -11/Scrapyard -10/Materials (discovered 4 exits: *Mat x3 / *Min) -9/Materials (discovered 3 exits: *Mat / *Min x2) -9/Mines -8/Materials (discovered 4 exits: *Fac x3 / [*Sto]) -7/Factory -7/DSF -6/Factory (discovered 2 exits: *Low / *Ext) -6/Extension (discovered 3 exits: *Fac x2 / *Cet) -5/Factory (discovered 2 exits: *Fac / *Upp) -4/Factory (discovered 2 exits: *Res / *Upp) -4/Upper Caves -4/Upper Caves -3/Research (discovered 2 exits: Qua / DSF) -3/DSF -2/Research History --------- Turn | Location | Event 10 | -11/Scrapyard | Discovered new exit (range 14) 84 | -11/Scrapyard | Entered Materials 308 | -10/Materials | Build established: Mutant 669 | -10/Materials | Discovered new exit (range 14) 776 | -10/Materials | Discovered new exit (range 14) 795 | -10/Materials | Identified exit to Materials 1177 | -10/Materials | Discovered exit to Materials (range 11) 1177 | -10/Materials | Discovered new exit (range 16) 1199 | -10/Materials | Identified exit to Mines 1419 | -10/Materials | Repaired Lgt. Treads 1447 | -10/Materials | Repaired Lgt. Treads 1873 | -10/Materials | Entered another Materials area 1873 | -9/Materials | Evolved 2 slots: Weapon x2 1883 | -9/Materials | Discovered new exit (range 13) 2051 | -9/Materials | Discovered new exit (range 9) 2062 | -9/Materials | Identified exit to Materials 2278 | -9/Materials | Build established: Bomber 2539 | -9/Materials | Discovered new exit (range 8) 2549 | -9/Materials | Identified exit to Mines 2814 | -9/Materials | Entered Mines 3038 | -9/Mines | Discovered exit to Materials (range 13) 3067 | -9/Mines | Entered Materials 3067 | -8/Materials | Evolved 2 slots: Propulsion x1, Utility x1 3071 | -8/Materials | Discovered new exit (range 7) 3088 | -8/Materials | Identified exit to Factory 3114 | -8/Materials | Build established: Scavenger-Mutant 3998 | -8/Materials | Build established: Scavenger-Gunner 4462 | -8/Materials | Repaired Cooling System 4501 | -8/Materials | Repaired Lgt. Nuclear Core 4529 | -8/Materials | Repaired Aluminum Leg 4559 | -8/Materials | Entered Factory 4559 | -7/Factory | Evolved 2 slots: Power x1, Utility x1 4684 | -7/Factory | Identified exit to DSF 4684 | -7/Factory | Entered DSF 4709 | -7/DSF | Additional patrols routed to DSF 4933 | -7/DSF | Sterilization system engaged 4937 | -7/DSF | Discovered new exit (range 14) 4953 | -7/DSF | Ambient heat levels rising (+10) 4968 | -7/DSF | Ambient heat levels rising (+10) 4983 | -7/DSF | Ambient heat levels rising (+10) 4998 | -7/DSF | Ambient heat levels rising (+10) 5013 | -7/DSF | Ambient heat levels rising (+10) 5028 | -7/DSF | Ambient heat levels rising (+10) 5043 | -7/DSF | Ambient heat levels rising (+10) 5056 | -7/DSF | Core integrity fell below 50% 5058 | -7/DSF | Ambient heat levels rising (+10) 5065 | -7/DSF | Entered Factory 5065 | -6/Factory | Evolved 2 slots: Utility x2 5080 | -6/Factory | Build established: Gunner 5392 | -6/Factory | Discovered new exit (range 6) 6505 | -6/Factory | Destroyed 8 combat bots 6903 | -6/Factory | Discovered new exit (range 7) 6911 | -6/Factory | Identified exit to Lower Caves 8763 | -6/Factory | Identified exit to Extension 8765 | -6/Factory | Entered Extension 9024 | -6/Extension | Rescued A7 9128 | -6/Extension | Rescued a captive Derelict 9145 | -6/Extension | Rescued a captive Derelict 9212 | -6/Extension | Spotted B-75 Beast 9216 | -6/Extension | Allies destroyed B-75 Beast 9222 | -6/Extension | Spotted B-75 Beast 9236 | -6/Extension | Allies destroyed B-75 Beast 9259 | -6/Extension | Lost 10 allies 9293 | -6/Extension | Discovered new exit (range 3) 9293 | -6/Extension | Identified exit to Factory 9390 | -6/Extension | Disrupted transfer network 9476 | -6/Extension | Lost 3 allies 9527 | -6/Extension | Discovered exit to Factory (range 16) 9527 | -6/Extension | Discovered new exit (range 16) 9544 | -6/Extension | Identified exit to Cetus 9630 | -6/Extension | Build established: Scavenger-Gunner 9751 | -6/Extension | Rescued a captive Derelict 9991 | -6/Extension | Build established: Commander-Gunner 10282 | -6/Extension | Entered Factory 10282 | -5/Factory | Accompanied by 5 allies (A7) 10282 | -5/Factory | Evolved 2 slots: Utility x2 10580 | -5/Factory | Build established: Scavenger-Gunner 10625 | -5/Factory | Discovered new exit (range 16) 10685 | -5/Factory | Discovered new exit (range 3) 10688 | -5/Factory | Identified exit to Upper Caves 10947 | -5/Factory | Lost 3 parts (1n1u1w) 11032 | -5/Factory | Lost 7 parts (1p3n3u) 11045 | -5/Factory | Identified exit to Factory 11046 | -5/Factory | Entered another Factory area 11046 | -4/Factory | Evolved 2 slots: Utility x2 11123 | -4/Factory | Identified exit to DSF 11154 | -4/Factory | Found Prototype Processor 11154 | -4/Factory | Identified Exp. Signal Interpreter 11263 | -4/Factory | Found Exp. Signal Interpreter 11310 | -4/Factory | Build established: Mutant 11341 | -4/Factory | Discovered new exit (range 4) 11364 | -4/Factory | Identified exit to Research 11436 | -4/Factory | Discovered new exit (range 10) 11439 | -4/Factory | Identified exit to Upper Caves 11444 | -4/Factory | Entered Upper Caves 11450 | -4/Upper Caves | Met a Warlord Commander 11451 | -4/Upper Caves | Learned location of Warlord (-4) 11452 | -4/Upper Caves | Warlord Commander delivered Encrypted Comm Array 11453 | -4/Upper Caves | Found Encrypted Comm Array 11629 | -4/Upper Caves | Lost 9 parts (1p3n4u1w) 11695 | -4/Upper Caves | Core integrity fell below 50% 11750 | -4/Upper Caves | Encountered a Warlord checkpoint 11753 | -4/Upper Caves | Lost 3 parts (2n1u) 11767 | -4/Upper Caves | Attracted the attention of an 0b10 checkpoint 11772 | -4/Upper Caves | Discovered new exit (range 17) 11773 | -4/Upper Caves | Core integrity fell below 20% 11779 | -4/Upper Caves | Identified exit to Upper Caves 11780 | -4/Upper Caves | Entered another Upper Caves area 11803 | -4/Upper Caves | Lost 3 parts (1n1u1w) 11841 | -4/Upper Caves | Discovered exit to Research (range 11) 11929 | -4/Upper Caves | Learned location of Armory (-4) 11964 | -4/Upper Caves | Spotted B-86 Titan 11983 | -4/Upper Caves | Encountered a Warlord checkpoint 12010 | -4/Upper Caves | Learned location of 1 exit from Research 12108 | -4/Upper Caves | Entered Research 12108 | -3/Research | Evolved 2 slots: Power x1, Propulsion x1 12109 | -3/Research | Identified exit to Quarantine 12355 | -3/Research | Identified exit to DSF 12355 | -3/Research | Entered DSF 12411 | -3/DSF | Additional patrols routed to DSF 12438 | -3/DSF | Discovered new exit (range 23) 12448 | -3/DSF | Identified exit to Research 12449 | -3/DSF | Entered Research 12449 | -2/Research | Evolved 2 slots: Propulsion x2 12843 | -2/Research | Self-destructed Last Messages --------------- Penetrated by Slug. Slug penetrates Wall. Penetrated by Slug. Slug penetrates Wall. Penetrated by Slug. Slug penetrates Wall. Wall collapses. Penetrated by Slug. Reaction Control System destroyed. Penetrated by Slug. Slug penetrates Wall. Penetrated by Slug. Slug penetrates Wall. Penetrated by Slug. Slug penetrates Wall. Quantum Reactor destroyed. Penetrated by Slug. Energy Filter destroyed. Slug penetrates Wall. Lgt. Quantum Reactor destroyed. Map ----- +----------------------------------------------------+ | ?????????????????????????????????????????????????? | | ?????????????????????????????????????????????????? | | ?????????????????????????????????????????????????? | | ?????????????????????????????????????????????????? | | ?????????????????????????????????????????????????? | | ?????????????????????????????????????????????????? | | ?????????????????????????????????????????????????? | | ???????????????????????????????????????????????""? | | ?????????????????????????????????????????????? """ | | ????????????????????????????????????????????? | | ????????????????????????????????????????????? | | ???????????????????????????????????????????? | | ??????????????????????????????????????????? " | | ??????????????????????????????????????????? """ | | ?????????????????????????????????????????? G | | ????????????#####?????????????????####+### = """ | | ????????????# ????????????????# " | | ????????????# ???????????????# ? | | ????????????# """ ??????????????# ??? | | ????????????# "Y" ############## ??????? | | ????????????+ " " # #?????????? | | ?????????????? h #?????????? | | ??????????????????? h; #?????????? | | ?????????????????????# #?????????? | | ?????????????????????# ######### #?????????? | | ?????????????????????# @#???????# #?????????? | | ?????????????????????# #???????# #?????????? | | ?????????????????????# #???????# #?????????? | | ?????????????????????# #???????# #?????????? | | ?????????????????????# R######### #?????????? | | ?????????????????????# # + #?????????? | | ?????????????????????# # # #?????????? | | ?????????????????????# # ! # #?????????? | | ?????????????????????#u # # ########### | | ?????????????????????# # """ # # | | ?????????????????????# # """ # # | | ?????????????????????# # """ # # | | ?????????????????????# # """ + + | | ?????????????????????# # """ # # | | ?????????????????????# # # # | | ?????????????????????# # + ########### | | ????????????????????? ##########+########????? | | ????????????????????? ?????# #????? | | ????????????????????? ?????# #????? | | ????????????????????? ?????# ! #????? | | ????????????????????## ?????# #????? | | ?????????????????????# ?????# #????? | | ???????????????????????? ?????# #????? | | ???????????????????????????????# #????? | | ???????????????????????????????# #????? | +----------------------------------------------------+ Best States ------------- Heat Dissipation 83 Coolant Potential 500 Energy Generation 47 Energy Capacity 745 Matter Stores 300 Matter Capacity 500 Sight Range 23 Robot Scan Range 15 Terrain Scan Density 110 Jamming Range 12 Additional Mass Support 12 Armor Coverage 450 Resistance: KI 20 Resistance: TH 20 Resistance: EX 20 Resistance: EM 20 Resistance: I 20 Resistance: S 20 Resistance: P 20 Evasion (%) 75 Targeting Accuracy 16 Melee Accuracy 10 Recoil Reduction 3 Matter Filtering 30 Energy Filtering 30 Offensive Hacking 22 Item Schematics ----------------- Grenade Launcher | -9/Materials | Scanalyzed Lgt. Armor Plating | -9/Materials | Scanalyzed Lgt. Treads | -9/Materials | Scanalyzed Gravity Neutralizer | -6/Factory | Scanalyzed Enh. Gauss Cannon | -5/Factory | Hacked Robot Schematics ------------------ None Fabricated ------------ Nothing Alien Tech Used ----------------- None Achievements -------------- Dangerous Findings Dodgeball, But With Guns Gunslinger Knowing Is Half The Battle Prison Break Universal Adapter Use The Force Challenges ------------ None Game ------ Seed GravmagHypercooledMatter Manual? 0 Play Time 03:06:32 Cumulative 17.4 hours Start 2024.04.17 @ 22:40:26 End 2024.04.18 @ 22:16:21 Sessions 7 Manual Loads 0 Difficulty Adventurer Special Mode None Game No. 6 Rogue 1 Adventurer 5 Explorer 0 Win Type - Total 0 Types 0/0/0/0/0/0/0/0/0 Lore% 23 Gallery% 24 Achievement% 23 Wizard Run 0 Options --------- Layout 2 ASCII 0 Keyboard 0 Movement Mouse Keybinds 0 Fullscreen 2 Font 32/SmallcapsGlow Map View 50x44 Zoom Use 0% Tactical HUD 0 Map Filters NONE Filters NONE Steam 1 RUN: b4ec1b03-1ea9-4bb3-8beb-cec112e65e6c